 Dungeon Crawl Stone Soup version 0.20.1-1-g8b1a95d (webtiles) character file.

17643 schets the Markscentaur (level 12, -7/115 HPs)
             Began as a Centaur Hunter on Sept 15, 2017.
             Was a Follower of Uskayaw.
             Mangled by Rupert
             ... wielding a +4 battleaxe of chopping
              (35 damage)
             ... on level 12 of the Dungeon on Oct 12, 2017.
             The game lasted 00:56:56 (20166 turns).

schets the Markscentaur (Centaur Hunter)           Turns: 20166, Time: 00:56:57

Health: -7/115     AC: 20    Str: 24    XL:     12   Next: 20%
Magic:  13/13      EV:  6    Int: 10    God:    Uskayaw [*.....]
Gold:   658        SH:  0    Dex: 16    Spells: 11/11 levels left

rFire    . . .     SeeInvis +   a - +5 halberd
rCold    + + +     Gourm    .   (shield currently unavailable)
rNeg     . . .     Faith    .   H - +3 scale mail of Purpose {-Cast rElec rC+++ Dex-4}
rPois    +         Spirit   .   t - +1 helmet {SInv}
rElec    +         Reflect  .   W - scarf {cloud immunity}
rCorr    .         Harm     .   u - +1 pair of gloves {Dex+3}
MR       .....     NoCast   +   K - +1 centaur barding
Stlth    ..........             (no amulet)
Regen    0.3/turn               U - +4 ring of strength
MPRegen  0.2/turn               P - ring of poison resistance (curse)

@: mighty, very quick
A: hooves 3, thin metallic scales 1, agile 1, deformed body, speed 2, mutation
resistance 1, tough skin 3
a: Stomp, Renounce Religion


You were on level 12 of the Dungeon.
You worshipped Uskayaw.
Uskayaw was noncommittal.
You were not hungry.

You visited 2 branches of the dungeon, and saw 13 of its levels.
You also visited: Bailey.

You collected 850 gold pieces.
You spent 192 gold pieces at shops.

Inventory:

Hand Weapons
 a - a +5 halberd (weapon)
 b - a +0 antimagic battleaxe
 x - a +4 quarterstaff of chaos
 C - a +1 shortbow of flaming
Missiles
 V - 13 javelins of returning (quivered)
Armour
 t - a +1 helmet of see invisible (worn)
 u - a +1 pair of gloves of dexterity (worn)
 y - a +0 cloak
 H - the +3 scale mail of Purpose (worn) {-Cast rElec rC+++ Dex-4}
   (You found it on level 5 of the Dungeon)

   It affects your dexterity (-4).
   It renders you almost immune to cold.
   It insulates you from electricity.
   It prevents spellcasting.
 K - a +1 centaur barding (worn)
 W - a scarf of cloud immunity (worn)
Jewellery
 E - an uncursed amulet of guardian spirit
 F - an uncursed ring of protection from fire
 L - an uncursed ring of protection from cold
 P - a cursed ring of poison resistance (right hand)
 U - a +4 ring of strength (left hand)
Wands
 c - a wand of acid (8/15)
 r - a wand of digging (6/24)
 J - a wand of paralysis (12/24)
 O - a wand of paralysis (9/24)
 Q - a wand of acid (7/15)
 T - a wand of digging (12/24)
Scrolls
 g - 4 scrolls of identify
 h - 6 scrolls of teleportation
 m - a scroll of fog {unknown}
 n - 6 scrolls of remove curse
 o - 2 scrolls of enchant armour
 p - 2 scrolls of fear
 w - 2 scrolls of enchant weapon {unknown}
 D - a scroll of summoning {unknown}
 G - 2 scrolls of magic mapping {unknown}
 N - 2 scrolls of immolation {unknown}
 X - 2 scrolls of recharging {unknown}
 Y - 2 scrolls of amnesia
Potions
 j - a potion of curing
 k - a potion of ambrosia {unknown}
 l - 2 potions of mutation
 q - a potion of resistance {unknown}
 z - a potion of invisibility {unknown}
 A - 4 potions of haste
 S - a potion of magic {unknown}
Miscellaneous
 s - 2 boxes of beasts
Comestibles
 f - 3 bread rations
 v - 9 royal jellies
 B - 5 meat rations


   Skills:
 * Level 13.2 Fighting
 * Level 18.5 Bows
 - Level 1.4 Dodging
 - Level 0.4 Stealth
 + Level 2.1 Invocations


You had 11 spell levels left.
You didn't know any spells.

Dungeon Overview and Level Annotations

Branches:
Dungeon (12/15)            Temple (1/1) D:5            Lair (0/6) D:9
    Orc (0/2) D:11

Altars:
Ashenzari
Cheibriados
Dithmenos
Elyvilon
Fedhas
Gozag
Hepliaklqana
Kikubaaqudgha
Makhleb
Nemelex Xobeh
Okawaru
Qazlal
Ru
Sif Muna
Trog
Uskayaw
Vehumet
Xom
Yredelemnul
Zin
The Shining One

Shops:
D:12 (

Annotations:
D:12 Harold, Rupert


Innate Abilities, Weirdness & Mutations

You have hooves in place of feet.
Armour fits poorly on your strangely shaped body.
You cover ground very quickly.
You have extremely tough skin. (AC +3)
You are partially covered in thin metallic scales. (AC +2)
You are agile. (Dex +2)
You are somewhat resistant to further mutation.


Message History

You are confused.
You can now pass through a line of other dancers.
You're too confused!
You see here a stone.
You're too confused to move!
Rupert roars madly and goes into a rage!
Rupert goes berserk!
You see here an ugly thing corpse.
You bump into the rock wall.
You bump into the rock wall.
Rupert hits you with a battleaxe of chopping.
You can no longer pass through a line of other dancers.
You're too confused!
You slash Rupert! Your kick misses Rupert.
Rupert is severely wounded.
You feel less confused.
Rupert hits you with a battleaxe of chopping!
* * * LOW HITPOINT WARNING * * *
x2 Rupert hits you with a battleaxe of chopping!!
You die...

..#.##.#.....#
###>#####
..#.##.......#####.####
#.#.####.....##.).....#
#.#.. .....##.##.##.#
....# ######.##.# #
.#### #.##.# #.##.# #
#####.##.##.#
#...(@@(.(..#
#(#####..#### #.....#
=....##.## #.## #.# ..#
####


You could see Rupert (berserk).

Vanquished Creatures
  Snorg (D:11)
  3 two-headed ogres (D:10)
  2 ugly things
  A manticore (D:12)
  A cyclops (D:11)
  4 gargoyles
  The ghost of Chizzley the Cleaver, an amateur MiFi (D:4)
  2 trolls (D:9)
  Sigmund (D:4)
  The ghost of falsifian the Sneak, an amateur OpWz (D:5)
  3 hippogriffs (D:10)
  A wraith (D:11)
  A shadow (D:12)
  A human (D:10)
  7 yaks (D:10)
  4 hogs (D:10)
  Menkaure (D:4)
  A hungry ghost (D:6)
  2 hell hounds (D:9)
  17 orc warriors
  4 ice beasts
  A black bear (D:6)
  A swamp drake (D:11)
  3 sky beasts
  3 phantoms
  5 ogres
  A necrophage (D:10)
  11 centaurs
  A big kobold (D:8)
  8 bullfrogs
  2 wyvern skeletons
  3 scorpions
  5 killer bees
  5 wights (D:12)
  4 howler monkeys
  An electric eel (D:10)
  2 crimson imps
  5 bullfrog zombies
  A quasit (D:10)
  8 orc priests
  10 hounds
  2 jellies
  2 centaur skeletons
  2 gnoll shamans (D:6)
  22 orc wizards
  4 bullfrog skeletons
  Crazy Yiuf (D:2)
  Jessica (D:2)
  5 iguanas
  9 worker ants
  A hound skeleton (D:7)
  A worker ant zombie (D:8)
  Robin (D:2)
  14 gnolls
  9 adders
  6 shadow imps
  4 worms
  4 dart slugs
  10 leopard geckos
  76 orcs
  A ball python (D:5)
  3 giant cockroaches
  15 goblins
  16 hobgoblins
  15 jackals
  7 quokkas
  7 bats
  5 frilled lizards
  7 kobolds
  13 rats
402 creatures vanquished.

Vanquished Creatures (others)
  An orc warrior (D:11)
  An ogre (D:11)
  A plant (D:10)
3 creatures vanquished.

Grand Total: 405 creatures vanquished

Notes
Turn   | Place    | Note
-------+----------+-------------------------------------------
     0 | D:1      | schets the Centaur Hunter began the quest for the Orb.
     0 | D:1      | Reached XP level 1. HP: 17/17 MP: 1/1
   186 | D:1      | Reached XP level 2. HP: 23/25 MP: 2/2
   971 | D:2      | Reached skill level 6 in Bows
   977 | D:2      | Reached XP level 3. HP: 30/30 MP: 3/3
  1033 | D:2      | Found a shattered altar of Ashenzari.
  1108 | D:2      | Noticed Jessica
  1400 | D:2      | Killed Jessica
  1400 | D:2      | Reached XP level 4. HP: 36/38 MP: 4/4
  1447 | D:2      | Found an opulent altar of Gozag.
  1805 | D:2      | Noticed Robin
  1824 | D:2      | Killed Robin
  1824 | D:2      | Reached skill level 7 in Bows
  1992 | D:2      | Found an ancient bone altar of Kikubaaqudgha.
  2116 | D:2      | Found a runed door.
  2254 | D:2      | Noticed Crazy Yiuf
  2261 | D:2      | Killed Crazy Yiuf
  2261 | D:2      | Reached XP level 5. HP: 21/45 MP: 5/5
  2804 | D:3      | Reached skill level 8 in Bows
  3123 | D:3      | Gained mutation: You are somewhat resistant to further mutation. [potion of mutation]
  3123 | D:3      | Gained mutation: You are agile. (Dex +2) [potion of mutation]
  3123 | D:3      | Gained mutation: You are partially covered in thin metallic scales. (AC +2) [potion of mutation]
  3491 | D:4      | Noticed Chizzley's ghost (amateur MiFi)
  3510 | D:4      | Killed Chizzley's ghost
  3510 | D:4      | Reached skill level 9 in Bows
  3510 | D:4      | Reached XP level 6. HP: 30/53 MP: 3/6
  4005 | D:4      | Reached XP level 7. HP: 33/60 MP: 3/7
  4329 | D:4      | Noticed Sigmund
  4364 | D:4      | Killed Sigmund
  4364 | D:4      | Reached skill level 5 in Fighting
  4364 | D:4      | Reached skill level 10 in Bows
  4617 | D:4      | Noticed Menkaure
  4623 | D:4      | Killed Menkaure
  4775 | D:5      | Entered Level 5 of the Dungeon
  4775 | D:5      | Noticed falsifian's ghost (amateur OpWz)
  5035 | D:5      | Reached skill level 11 in Bows
  5035 | D:5      | Reached XP level 8. HP: 70/70 MP: 6/8
  5335 | D:5      | Killed falsifian's ghost
  5576 | D:5      | Found a shattered altar of Ashenzari.
  5674 | D:5      | Found a staircase to the Ecumenical Temple.
  5732 | D:5      | Found a stormy altar of Qazlal.
  5759 | Temple   | Entered the Ecumenical Temple
  6026 | D:5      | Found a sparkling altar of Nemelex Xobeh.
  6028 | D:5      | Found a glowing silver altar of Zin.
  6029 | D:5      | Found a basalt altar of Yredelemnul.
  6046 | D:5      | Got a scorched scale mail
  6057 | D:5      | Identified the +3 scale mail of Purpose {-Cast rElec rC+++ Dex-4} (You found it on level 5 of the Dungeon)
  6505 | D:6      | Reached skill level 12 in Bows
  7167 | D:6      | Reached skill level 13 in Bows
  7167 | D:6      | Reached XP level 9. HP: 79/79 MP: 9/9
  8181 | D:7      | Reached skill level 14 in Bows
  8303 | D:7      | Found a white marble altar of Elyvilon.
  9299 | D:8      | Reached XP level 10. HP: 91/91 MP: 10/10
  9497 | D:8      | Reached skill level 15 in Bows
  9617 | D:8      | Found a hide-covered altar of Uskayaw.
  9617 | D:8      | Found a blossoming altar of Fedhas.
  9623 | D:8      | Became a worshipper of Uskayaw the Reveler
  9798 | D:9      | Reached * piety under Uskayaw
  9815 | D:9      | Reached ** piety under Uskayaw
 10227 | D:9      | Reached *** piety under Uskayaw
 10272 | D:9      | Found a staircase to the Lair.
 10298 | D:9      | Reached skill level 10 in Fighting
 10564 | D:10     | Entered Level 10 of the Dungeon
 10647 | D:10     | Noticed a gargoyle
 10742 | D:10     | Noticed a gargoyle
 10771 | D:10     | Noticed a two-headed ogre
 10789 | D:10     | Noticed a gargoyle
 10929 | D:10     | Noticed a two-headed ogre
 10958 | D:10     | Found a flagged portal.
 10964 | Bailey   | Entered a bailey
 10991 | Bailey   | Reached **** piety under Uskayaw
 11458 | Bailey   | Reached ***** piety under Uskayaw
 12181 | Bailey   | Reached skill level 16 in Bows
 12899 | D:10     | HP: 1/95 [two-headed ogre/giant club (7)]
 12900 | D:10     | Killed a two-headed ogre
 12900 | D:10     | Reached XP level 11. HP: 1/102 MP: 0/11
 13928 | D:10     | Reached skill level 17 in Bows
 14049 | D:10     | Noticed a two-headed ogre
 14056 | D:10     | Killed a two-headed ogre
 15229 | D:10     | Killed a two-headed ogre
 15452 | D:11     | Noticed a red ugly thing
 15469 | D:11     | HP: 1/104 [red ugly thing (8)]
 15472 | D:11     | Killed a red ugly thing
 16028 | D:11     | Found a deep blue altar of Sif Muna.
 16214 | D:11     | Noticed Snorg
 16214 | D:11     | Found a staircase to the Orcish Mines.
 16235 | D:11     | Reached skill level 18 in Bows
 16332 | D:11     | Killed Snorg
 17262 | D:11     | Reached XP level 12. HP: 111/113 MP: 12/12
 17585 | D:12     | Noticed Harold
 17697 | D:12     | Reached skill level 1 in Invocations
 18737 | D:12     | Found Janehydu's Antique Weapon Boutique.
 18749 | D:12     | Noticed Rupert
 18754 | D:12     | Bought a glowing shortbow for 192 gold pieces
 18756 | D:12     | Paralysed by Rupert for 5 turns
 20166 | D:12     | Mangled by Rupert

Skill      XL: |  1  2  3  4  5  6  7  8  9 10 11 12 |
---------------+-------------------------------------+-----
Bows           | 6 7 9 11 13 14 16 18 | 18.5
Fighting       | 3 4 5 7 9 11 12 13 | 13.2
Invocations    | 2 |  2.1
Dodging        | |  1.4
Stealth        | |  0.4

Action                   |  1- 3 |  4- 6 |  7- 9 | 10-12 || total
-------------------------+-------+-------+-------+-------++-------
Melee: Short sword       |     6 |       |       |       ||     6
       Kick              |     2 |       |    12 |   178 ||   192
       Quarterstaff      |       |       |    57 |   414 ||   471
       Halberd           |       |       |       |    27 ||    27
 Fire: Shortbow          |   102 |   220 |   503 |   311 ||  1136
Throw: Javelin           |       |       |       |     3 ||     3
Invok: Stomp             |       |       |       |     9 ||     9
       Line Pass         |       |       |       |     8 ||     8
  Use: Scroll            |       |     7 |       |    10 ||    17
       Potion            |       |     1 |       |    14 ||    15
 Stab: Paralysed         |       |       |       |    16 ||    16
       Confused          |       |       |       |     2 ||     2
       Distracted        |       |       |       |     1 ||     1
       Petrifying        |       |       |       |     1 ||     1
  Eat: Chunk             |       |     4 |     8 |    14 ||    26
       Bread ration      |       |     1 |     1 |     1 ||     3
       Royal jelly       |       |       |     1 |     1 ||     2
       Meat ration       |       |       |     1 |     3 ||     4
Armor: Leather armour    |    20 |    10 |    22 |       ||    52
       Chain mail        |       |    28 |       |       ||    28
       Scale mail        |       |       |   156 |   565 ||   721
Dodge: Dodged            |    15 |    15 |    62 |   239 ||   331
